 Dungeon Crawl Stone Soup version 0.29.1-15-g9cfb28693d (webtiles) character file.

Game seed: 5368650716100897698

104 jtron the Prestidigitator (level 4, 0/34 HPs)
             Began as a Gnoll Wanderer on Mar 21, 2023.
             Slain by a gnoll
             ... wielding a +0 club
              (7 damage)
             ... on level 3 of the Dungeon.
             The game lasted 00:03:17 (2233 turns).

jtron the Prestidigitator (Gnoll Wanderer)          Turns: 2233, Time: 00:03:17

Health: 0/34       AC:  4    Str: 10    XL:     4   Next: 80%
Magic:  5/5        EV:  6    Int:  7    God:
Gold:   130        SH:  0    Dex: 19    Spells: 5/5 levels left

rFire   . . .      SeeInvis .   a - +0 falchion
rCold   . . .      Faith    .   c - +0 buckler
rNeg    . . .      Spirit   .   e - +0 leather armour
rPois   .          Reflect  .   j - +0 helmet
rElec   .          Harm     .   (no cloak)
rCorr   .          Rampage  .   (no gloves)
Will    .....                   (no boots)
Stlth   ++........              (no amulet)
HPRegen 0.11/turn               (no ring)
MPRegen 0.09/turn               (no ring)

@: held
A: fangs 1, strong nose, distributed training
a: no special abilities


You were on level 3 of the Dungeon.
You visited 1 branch of the dungeon, and saw 3 of its levels.

You collected 152 gold pieces.
You spent 22 gold pieces at shops.

Inventory:

Hand Weapons
 a - a +0 falchion (weapon)
 b - a +0 sling
Missiles
 l - 9 stones (quivered)
Armour
 c - a +0 buckler (worn)
 e - a +0 leather armour (worn)
 j - a +0 helmet (worn)
Wands
 d - a wand of charming (16)
Scrolls
 g - a scroll of identify
 h - a scroll of teleportation {unknown}
 o - a scroll of enchant armour {unknown}
Potions
 f - a potion of magic {unknown}
 i - 3 potions of cancellation
 k - a potion of curing
 m - a potion of might {unknown}
 n - a potion of lignification {unknown}


   Skills:
 + Level 2.8 Fighting
 + Level 1.3 Short Blades
 + Level 4.7 Long Blades
 + Level 1.3 Axes
 + Level 1.3 Maces & Flails
 + Level 1.3 Polearms
 + Level 1.3 Staves
 + Level 1.3 Ranged Weapons
 + Level 1.3 Throwing
 + Level 1.3 Armour
 + Level 1.3 Dodging
 + Level 2.6 Stealth
 + Level 2.8 Shields
 + Level 1.3 Unarmed Combat
 + Level 1.3 Spellcasting
 + Level 1.0 Conjurations
 + Level 1.0 Hexes
 + Level 1.0 Summonings
 + Level 1.0 Necromancy
 + Level 1.0 Translocations
 + Level 1.0 Transmutations
 + Level 1.0 Fire Magic
 + Level 1.0 Ice Magic
 + Level 1.0 Air Magic
 + Level 1.0 Earth Magic
 + Level 1.0 Poison Magic
 + Level 1.4 Invocations
 + Level 10.5 Evocations


You had 5 spell levels left.
You didn't know any spells.
Your spell library contained the following spells:

 Spells                   Type           Power      Damage    Failure   Level
 Confusing Touch          Hex            1%         N/A       82%         3
 Yara's Violent Unravell  Hex/Tmut       0%         3d3       100%        5
 Enfeeble                 Hex            0%         N/A       100%        7


Dungeon Overview and Level Annotations

Branches:
Dungeon (3/15)

Altars:

Shops:
D:2 *


Innate Abilities, Weirdness & Mutations

You have very sharp teeth.
Your uncanny sense of smell can sniff out nearby items.
Your experience applies equally to all skills.


Message History

You block the gnoll's attack. x2; The gnoll barely misses you.
You barely miss the gnoll. You bite the gnoll.
The gnoll is almost dead.
The gnoll completely misses you. You block the gnoll's attack.
The gnoll hits you from afar with a +0 halberd!
You hit the gnoll but do no damage.
The gnoll is almost dead.
The gnoll hits you with a +0 club! The gnoll barely misses you.
The gnoll closely misses you.
You barely miss the gnoll. You bite the gnoll, but do no damage.
The gnoll is almost dead.
The gnoll misses you. You block the gnoll's attack.
The gnoll barely misses you.
You hit the gnoll.
You kill the gnoll!
The gnoll hits you with a +0 club. The gnoll barely misses you.
You hit the gnoll but do no damage. You bite the gnoll, but do no damage.
The gnoll hits you with a +0 club.
The gnoll throws a throwing net.
The throwing net hits you.
You become entangled in the net!
The gnoll closely misses you. The gnoll hits you but does no damage.
You are too injured to fight recklessly!
You are too injured to fight recklessly!
You are too injured to fight recklessly!
You are too injured to fight recklessly!
You are too injured to fight recklessly!
You are too injured to fight recklessly!
You are too injured to fight recklessly!
You are too injured to fight recklessly!
You are too injured to fight recklessly!
You are too injured to fight recklessly!
You are too injured to fight recklessly!
You are too injured to fight recklessly!
You are too injured to fight recklessly!
You struggle against the net.
The gnoll completely misses you.
The gnoll hits you from afar with a +0 halberd.
You struggle against the net.
The gnoll hits you with a +0 club.
* * * LOW HITPOINT WARNING * * *
The gnoll barely misses you.
You struggle against the net.
The gnoll hits you with a +0 club!
You die...

#### ..#
#.######
###.##...####
#.g.........#
#.#@##...##.#
#)#######.# ∆
g.# #.# ####
#####.###
#.......#
#.##..#.#
#.##.##.#
#.#.#.#)#
#.##.##.#


You could see 2 gnolls.

Vanquished Creatures
  A gnoll (D:3)
  2 adders (D:2)
  A dart slug (D:1)
  6 bats
  7 endoplasms
  2 giant cockroaches (D:1)
  4 goblins
  9 hobgoblins
  12 jackals
  3 quokkas
  4 ball pythons (D:1)
  6 frilled lizards
  4 kobolds
  5 rats
66 creatures vanquished.

Notes
Turn   | Place    | Note
-------+----------+-------------------------------------------
     0 | D:1      | Reached skill level 10 in Evocations
     0 | D:1      | jtron the Gnoll Wanderer began the quest for the Orb.
     0 | D:1      | jtron set off with the following items: a +0 falchion, a
                  | wand of charming (16), a +0 buckler, a potion of curing, a
                  | +0 leather armour.
     0 | D:1      | Reached XP level 1. HP: 17/17 MP: 1/1
   275 | D:1      | Reached XP level 2. HP: 23/23 MP: 2/2
   498 | D:1      | Reached XP level 3. HP: 25/28 MP: 3/3
   784 | D:1      | Reached skill level 1 in Invocations
  1236 | D:1      | Found a faded altar of an unknown god.
  1314 | D:2      | Reached skill level 1 in Short Blades
  1314 | D:2      | Reached skill level 1 in Axes
  1314 | D:2      | Reached skill level 1 in Maces & Flails
  1314 | D:2      | Reached skill level 1 in Polearms
  1314 | D:2      | Reached skill level 1 in Staves
  1314 | D:2      | Reached skill level 1 in Ranged Weapons
  1314 | D:2      | Reached skill level 1 in Throwing
  1314 | D:2      | Reached skill level 1 in Armour
  1314 | D:2      | Reached skill level 1 in Dodging
  1314 | D:2      | Reached skill level 1 in Unarmed Combat
  1314 | D:2      | Reached skill level 1 in Spellcasting
  1369 | D:2      | Found Rugoboe's General Store.
  1372 | D:2      | Bought a scroll of identify for 22 gold pieces
  1527 | D:2      | Reached XP level 4. HP: 34/34 MP: 5/5
  1780 | D:2      | Reached skill level 1 in Conjurations
  1780 | D:2      | Reached skill level 1 in Hexes
  1780 | D:2      | Reached skill level 1 in Summonings
  1780 | D:2      | Reached skill level 1 in Necromancy
  1780 | D:2      | Reached skill level 1 in Translocations
  1780 | D:2      | Reached skill level 1 in Transmutations
  1780 | D:2      | Reached skill level 1 in Fire Magic
  1780 | D:2      | Reached skill level 1 in Ice Magic
  1780 | D:2      | Reached skill level 1 in Air Magic
  1780 | D:2      | Reached skill level 1 in Earth Magic
  1780 | D:2      | Reached skill level 1 in Poison Magic
  2233 | D:3      | Slain by a gnoll

Illustrated notes

Levels and vault maps discovered:
D:1:      lemuel_arrival_funnel, layout_loops_cross,
          shapermc_ecumenical_altar_petra, minmay_bisected
D:2:      layout_basic, serial_shops, nicolae_shop_window_shopping,
          kennysheep_decorative_pillar, chequers_serial_rivers_room_b
D:3:      layout_loops_cross, grunt_temple_overflow_opulence, lemuel_round_altar

Skill      XL: |  1  2  3  4 |
---------------+-------------+-----
Evocations     | | 10.5
Invocations    | 1 |  1.4
Short Blades   | 1 |  1.3
Axes           | 1 |  1.3
Maces & Flails | 1 |  1.3
Polearms       | 1 |  1.3
Staves         | 1 |  1.3
Ranged Weapons | 1 |  1.3
Throwing       | 1 |  1.3
Armour         | 1 |  1.3
Dodging        | 1 |  1.3
Unarmed Combat | 1 |  1.3
Spellcasting   | 1 |  1.3
Conjurations   | 1 |  1.0
Hexes          | 1 |  1.0
Summonings     | 1 |  1.0
Necromancy     | 1 |  1.0
Translocations | 1 |  1.0
Transmutations | 1 |  1.0
Fire Magic     | 1 |  1.0
Ice Magic      | 1 |  1.0
Air Magic      | 1 |  1.0
Earth Magic    | 1 |  1.0
Poison Magic   | 1 |  1.0
Fighting       | |  2.8
Long Blades    | |  4.7
Stealth        | |  2.6
Shields        | |  2.8

Action                   |  1- 3 |  4- 6 || total
-------------------------+-------+-------++-------
Melee: Falchion          |    69 |    61 ||   130
       Bite              |     7 |    10 ||    17
 Fire: Sling             |    37 |       ||    37
Throw: Stone             |       |     2 ||     2
  Use: Potion            |     1 |       ||     1
       Scroll            |     5 |       ||     5
 Stab: Sleeping          |     2 |     4 ||     6
Armor: Leather armour    |    19 |    19 ||    38
Dodge: Dodged            |    51 |    37 ||    88
Block: Buckler           |    16 |    22 ||    38
